 Dungeon Crawl Stone Soup version 0.24-a0-280-g7cec4da (webtiles) character file.

Game seed: 11536518878304444322

602 CanOfBees the Caller (level 7, -4/41 HPs)
             Began as a Tengu Summoner on May 14, 2019.
             Was an Initiate of Sif Muna.
             Shot with an arrow by a centaur (12 damage)
             ... while paralysed by a hornet
             ... on level 8 of the Dungeon.
             The game lasted 00:12:52 (9403 turns).

CanOfBees the Caller (Tengu Summoner)               Turns: 9403, Time: 00:12:53

Health: -4/41      AC:  7    Str:  8    XL:     7   Next: 41%
Magic:  3/15       EV:  2    Int: 17    God:    Sif Muna [......]
Gold:   295        SH:  0    Dex: 15    Spells: 1/15 levels left

rFire    . . .     SeeInvis .   k - +0 spear
rCold    . . .     Gourm    .   (no shield)
rNeg     + . .     Faith    .   a - +1 robe
rPois    .         Spirit   .   (helmet restricted)
rElec    .         Reflect  .   v - +0 cloak
rCorr    .         Harm     .   n - +2 pair of gloves
MR       .....                  (boots unavailable)
Stlth    ++........             (no amulet)
HPRegen  0.13/turn              p - ring of positive energy
MPRegen  0.14/turn              (no ring)

@: paralysed, lethally poisoned (-4 -> -6), flying quickly and evasively, very
slightly contaminated, quick
A: beak, talons 3, able to fly
a: Stop Flying, Renounce Religion


You were on level 8 of the Dungeon.
You worshipped Sif Muna.
Sif Muna was noncommittal.
You were not hungry.

You visited 2 branches of the dungeon, and saw 8 of its levels.
You also visited: Sewer.

You collected 295 gold pieces.

Inventory:

Hand Weapons
 b - a +1 long sword
 f - a +0 short sword
 k - a +0 spear (weapon)
Missiles
 d - 140 stones
 h - 103 arrows
 i - 88 sling bullets
 m - 5 javelins
 q - 17 bolts
 s - 8 tomahawks (quivered)
Armour
 a - a +1 robe (worn)
 n - a +2 pair of gloves (worn)
 v - a +0 cloak (worn)
 y - a +0 shield
 A - +0 gold dragon scales
Jewellery
 p - a ring of positive energy (left hand)
Wands
 e - a wand of flame (19)
 r - a wand of paralysis (11)
 B - a wand of polymorph (5)
Scrolls
 g - 2 scrolls of remove curse
 u - 3 scrolls of noise
Potions
 j - 3 potions of resistance {unknown}
 l - 2 potions of heal wounds
 o - a potion of agility
 t - 4 potions of curing
 w - 2 potions of flight
 z - a potion of cancellation {unknown}
Comestibles
 c - 13 rations
 C - 4 chunks of flesh


   Skills:
 + Level 3.0 Fighting
 - Level 3.0 Dodging
 - Level 2.0 Stealth
 * Level 4.7 Spellcasting
 + Level 6.2 Summonings
 + Level 2.9 Air Magic
 + Level 1.8 Invocations


You had one spell level left.
You knew the following spells:

 Your Spells              Type           Power        Failure   Level  Hunger
a - Summon Small Mammal   Summ           ####         1%          1    None
b - Call Imp              Summ           ####....     1%          2    #......
c - Call Canine Familiar  Summ           ####....     3%          3    ###....
d - Summon Lightning Spi  Summ/Air       ###.....     22%         4    ####...
e - Summon Ice Beast      Ice/Summ       ##......     38%         4    ####...

Your spell library contained the following spells:

 Spells                   Type           Power        Failure   Level  Hunger
 Summon Guardian Golem    Hex/Summ       ##......     12%         3    ###....


Dungeon Overview and Level Annotations

Branches:
Dungeon (6/15)             Temple (1/1) D:4

Altars:
Ashenzari
Elyvilon
Gozag
Makhleb
Okawaru
Qazlal
Ru
Sif Muna
Trog
Vehumet
Wu Jian
Xom
Yredelemnul
Zin
The Shining One


Innate Abilities, Weirdness & Mutations

You have a beak for a mouth.
You have claws for feet.
You can fly continuously.


Message History

You don't have enough magic to cast that spell.
You feel sick.
Found a dagger.
Found a stone staircase leading down.
Casting: Summon Lightning Spire (slightly dangerous; 22% risk of failure)
Confirm with . or Enter, or press ? or * to list all spells.
You don't have enough magic to cast that spell.
Unknown command.
Okay, then.
Okay, then.
You feel sick.
You see here a dagger.
A centaur comes into view.
The centaur shouts!
The centaur wields a +0 shortbow.
The centaur shoots an arrow.
The arrow hits you! The hornet stings you!
* * * LOW HITPOINT WARNING * * *
You suddenly lose the ability to move!
Found a scroll of enchant armour.
The centaur shoots an arrow.
The arrow hits you!
You die...

#......#
#.####.#
#......#######
######..a....#
#.#.##..####a#
#.#...## #.##
#)##..# #..#
#.#.#..# ##y#
## ###.# #@#
.# #.>....?.
.# ....c....
.# ##........
.# #.##.####
..# .# .## # .


You could see a soldier ant, a hornet and a centaur.

Vanquished Creatures
  2 scorpions (D:4)
  A hound (D:5)
  A bullfrog skeleton (D:5)
  A centaur skeleton (D:5)
  3 worker ants
  7 adders
  A howler monkey skeleton (D:6)
  An adder skeleton (D:5)
  A worm (D:3)
  3 leopard geckos
  2 orcs (D:4)
  3 bats
  4 giant cockroaches
  5 goblins (D:1)
  2 hobgoblins (D:1)
  6 jackals
  10 kobolds
  A quokka (D:2)
  5 frilled lizards
  8 rats
67 creatures vanquished.

Vanquished Creatures (collateral kills)
  A sky beast (D:5)
  A phantom (D:4)
  A big kobold (Sewer)
  A hound (D:4)
  An orc priest (D:4)
  8 gnolls
  A river rat (Sewer)
  4 adders (D:2)
  3 worms
  2 leopard geckos
  2 orcs (D:4)
  A giant cockroach (D:4)
  4 hobgoblins
  A quokka (D:2)
  A bat (D:2)
  A frilled lizard (D:4)
  3 kobolds
  A rat (D:2)
37 creatures vanquished.

Grand Total: 104 creatures vanquished

Notes
Turn   | Place    | Note
-------+----------+-------------------------------------------
     0 | D:1      | CanOfBees the Tengu Summoner began the quest for the Orb.
     0 | D:1      | Reached XP level 1. HP: 10/10 MP: 4/4
   160 | D:1      | Reached XP level 2. HP: 16/16 MP: 6/6
   270 | D:1      | Learned a level 2 spell: Call Imp
   544 | D:1      | Reached skill level 5 in Summonings
  1993 | D:2      | Reached XP level 3. HP: 20/20 MP: 2/7
  1996 | D:2      | Reached skill level 1 in Fighting
  2468 | D:2      | Learned a level 3 spell: Call Canine Familiar
  3839 | D:2      | Reached XP level 4. HP: 23/25 MP: 5/9
  4615 | D:3      | Found a glowing drain.
  4619 | Sewer    | Entered a sewer
  5077 | Sewer    | Noticed a big kobold
  5102 | Sewer    | Gained mutation: You can fly continuously. [Tengu growth]
  5102 | Sewer    | Reached XP level 5. HP: 16/30 MP: 3/10
  5151 | Sewer    | Killed a big kobold
  5590 | Sewer    | Found a white marble altar of Elyvilon.
  5773 | D:3      | Learned a level 4 spell: Summon Lightning Spire
  5792 | D:4      | Found a staircase to the Ecumenical Temple.
  5801 | Temple   | Entered the Ecumenical Temple
  5907 | Temple   | Became a worshipper of Sif Muna the Loreminder
  5934 | D:4      | Noticed a phantom
  5962 | D:4      | Killed a phantom
  6065 | D:4      | Reached skill level 1 in Air Magic
  6065 | D:4      | Reached XP level 6. HP: 35/36 MP: 7/12
  6365 | D:4      | Reached skill level 1 in Invocations
  7437 | D:5      | Entered Level 5 of the Dungeon
  7761 | D:5      | Reached skill level 6 in Summonings
  7761 | D:5      | Reached XP level 7. HP: 38/40 MP: 14/14
  9141 | D:5      | Learned a level 4 spell: Summon Ice Beast
  9370 | D:6      | You are sucked into a shaft for 2 floors!
  9381 | D:8      | Noticed a hornet
  9381 | D:8      | Paralysed by a hornet for 1 turns
  9384 | D:8      | Noticed a soldier ant
  9384 | D:8      | Paralysed by a hornet for 1 turns
  9385 | D:8      | Noticed a soldier ant
  9402 | D:8      | Paralysed by a hornet for 3 turns
  9403 | D:8      | Shot with an arrow by a centaur

Levels and vault maps discovered:
D:1:      eino_arrival_water_cross, layout_basic
D:2:      layout_rooms
D:3:      layout_basic, gup_sewer_entry_spiral
D:4:      layout_layer_cave, minmay_temple_entry_tees, nrook_loot_triangle
D:5:      layout_layer_cave, first_ration
D:6:      layout_loops_cross, marbit_many_paths, uniq_duvessa
D:8:      layout_loops_cross, serial_shops, nicolae_shop_window_shopping, shop,
          kennysheep_mini, nicolae_shop_trees, hangedman_pestilent_swarm
Temple:   regret_index_temple_waves

Skill      XL: |  1  2  3  4  5  6  7 |
---------------+----------------------+-----
Summonings     | 5 6 |  6.2
Fighting       | 1 2 3 |  3.0
Spellcasting   | 3 4 |  4.7
Dodging        | 3 |  3.0
Air Magic      | 1 2 |  2.9
Invocations    | 1 |  1.8
Stealth        | |  2.0

Action                   |  1- 3 |  4- 6 |  7- 9 || total
-------------------------+-------+-------+-------++-------
Melee: Unarmed           |    99 |     3 |       ||   102
       Peck              |    13 |    11 |     3 ||    27
       Kick              |    24 |    36 |    11 ||    71
       Long sword        |       |    71 |       ||    71
       Spear             |       |    72 |    43 ||   115
Throw: Stone             |    10 |     5 |       ||    15
       Tomahawk          |       |     8 |    10 ||    18
 Cast: Summon Small Mamm |     1 |       |       ||     1
       Call Imp          |    17 |    12 |     7 ||    36
       Call Canine Famil |     5 |    16 |     5 ||    26
       Summon Lightning  |       |       |     1 ||     1
 Abil: Fly               |       |     1 |       ||     1
  Use: Scroll            |     1 |    10 |     1 ||    12
       Potion            |       |       |     1 ||     1
 Stab: Sleeping          |     3 |     4 |       ||     7
  Eat: Chunk             |    10 |     8 |     2 ||    20
       Ration            |       |     2 |     1 ||     3
Armor: Robe              |    30 |    28 |     9 ||    67
Dodge: Dodged            |    85 |   103 |    44 ||   232
       Rpst.: Long sword |       |    21 |       ||    21

Table legend:
 A = Non-vault XP
 B = Vault XP
 C = Vault XP percentage of total XP
 D = Non-vault monster count
 E = Vault monster count
 F = Vault count percentage of total count
                 A         B        C        D         E       F
            +---------+---------+-------+---------+---------+-------
      Total |     751 |     110 |  12.8 |      88 |      16 |  15.4
            +---------+---------+-------+---------+---------+-------
        D:1 |      33 |       0 |   0.0 |      22 |       0 |   0.0
        D:2 |      51 |       0 |   0.0 |      19 |       0 |   0.0
        D:3 |      35 |      27 |  43.5 |       8 |       6 |  42.9
        D:4 |     330 |       0 |   0.0 |      20 |       0 |   0.0
        D:5 |     255 |       0 |   0.0 |      12 |       0 |   0.0
        D:6 |      47 |       0 |   0.0 |       7 |       0 |   0.0
      Sewer |       0 |      83 | 100.0 |       0 |      10 | 100.0
            +---------+---------+-------+---------+---------+-------
